gghuusjjddd, lawful male dwarven Archeologist ---- --..-- ---------------....| ----|................---------------- -- |...|................|*+.|..|...|...| .| |...-..--|--.........|.*+|..|...|...|..| |...|..|...|..-----..|*..| .|-|---|--..| | -----..|...|--|+..|..--|---|-.........| |........|...|..|((.-.............-----..- |........|---|. |...|......--+-...|...|.... | ----...|(((||------..{...| |...-...| ...- |..-...|(.(|.............| |...|...| .... |..|...|...|-|-...Z.---|------------- |..| ----...--|-|..|..-@-|....................| |........|..|..|f.|----....--------- .. |..#.....----..|..| ....| .. --....{........|..| |....-. -- -..|....#.....---- -....|... ...--............. ....|---- ---- --------------- ------ gghuusjjddd the Investigator Experience level: 6 Strength: 13 Dexterity: 8 Constitution: 14 Intelligence: 16 Wisdom: 14 Charisma: 12 Health: 0(53) Energy: 22(22) AC: 6 Gold: 1353 Moves: 3459 Your Inventory: Coins $ - 1353 gold pieces Weapons D - an [uncursed +0] vulgar polearm [partisan] Armor b - an uncursed +0 leather jacket (being worn) c - a blessed +0 fedora v - an uncursed +0 cloak of displacement x - an uncursed +0 pair of snow boots [kicking] (being worn) y - an uncursed +0 pair of leather gloves (being worn) z - a blessed +0 elven leather helm (being worn) L - a [blessed +0] mummy wrapping X - an [uncursed +0] mummy wrapping Comestibles d - 6 uncursed food rations C - an [uncursed] tin of guardian naga hatchling meat Scrolls K - an [uncursed] scroll labeled ABRA KA DABRA [of earth] O - an [uncursed] scroll labeled HAPAX LEGOMENON [of taming] Spellbooks k - an uncursed dark brown spellbook [of polymorph] Potions F - an [uncursed] dark green potion [of blindness] Rings r - an uncursed twisted ring [of conflict] s - an uncursed +1 ring of gain dexterity (on left hand) P - a [cursed] tiger eye ring [of teleportation] Tools e - an uncursed +0 pick-axe (weapon in hand) f - an uncursed tinning kit (0:56) h - an uncursed sack E - an [uncursed] leash G - an [uncursed wax] candle R - an [uncursed] brass lantern S - an [uncursed] bugle T - an [uncursed] lock pick V - a [cursed magic] lamp Gems g - an uncursed touchstone Spells known in the end: Name Level Category Fail Memory Your skills at the end: Fighting Skills Weapon Skills pick-axe [Skilled / Expert] sling [Basic / Skilled] whip [Basic / Expert] Spellcasting Skills Final Attributes: You were piously aligned. Hunger level was 71. Your alignment was 25 / 27. Monster difficulty range was 1 - 6. Level difficulty was 6. You were hallucinating. You had infravision. You were stealthy. You were fast. Your luck was zero. You are dead. Vanquished creatures: a leprechaun an orc mummy a gnome mummy a human zombie a yellow light a guardian naga hatchling an elf zombie a straw golem a little dog a floating eye a kitten 2 homunculi a kobold lord a rabid rat a giant bat 5 dwarf zombies a werejackal a large kobold 2 giant rats a yellow mold a gnome 2 gnome zombies a gecko 11 jackals 2 foxes 2 kobolds a goblin 6 grid bugs a kobold zombie 7 newts and a partridge in a pear tree 60 creatures vanquished. Voluntary challenges: You used a wielded weapon 127 times. You read items or engraved 18 times. You put on armor 15 times. You never genocided any monsters. You never polymorphed an object. You never changed form. You used no wishes. You wrote Elbereth's name 8 times. You never encountered a bones level. You never used any Sokoban shortcuts. Dungeon overview: The Dungeons of Doom: levels 1 to 5 Level 1 a sink a long staircase Level 2 an altar, a fountain Level 3 a jewelry store, a fountain stairs to The Gnomish Mines Level 4 an armor shop, a fountain Level 5 a fountain The Gnomish Mines: levels 4 to 6 Level 4 stairs to The Dungeons of Doom Level 6 <- You were here some shops, some fountains, some trees History has recorded: On T:1 you entered the Dungeons of Doom to retrieve the Amulet of Yendor! On T:412 you reached level 2 of The Dungeons of Doom. On T:648 you advanced to experience level 3. On T:864 you reached level 3 of The Dungeons of Doom. On T:877 you advanced to experience level 4. On T:1018 you reached level 1 of The Gnomish Mines. On T:1029 you reached level 4 of The Dungeons of Doom. On T:1275 you advanced to experience level 5. On T:2232 you advanced to experience level 6. On T:2498 you reached level 5 of The Dungeons of Doom. On T:3018 you reached level 2 of The Gnomish Mines. On T:3247 you reached level 3 of The Gnomish Mines. Latest messages: The blue jelly hits! The nyan cat hits! [HP-13=31] You write "Elbereth" with your fingers into the dust. The doppelganger hurls a milky potion! The carafe crashes on your head and breaks into shards. This burns! The Irrenhaus the Third thrusts her short sword. The jaguar hits! The baby parable worm hits! [HP-9=22] You add "Elbereth" with your fingers to the writing in the dust. (2x) The zruty thrusts her short sword. The Vendor of Yizard hits! The hobbit hits! You feel less trippy now. [HP-6=16] You hit the wolpertinger. You hit the giant ant. The aquator thrusts her short sword. The gas spore hits! The questing beast hits! You die... The sack is empty. Final status: Goodbye gghuusjjddd the Archeologist... You died in The Gnomish Mines on dungeon level 6 with 3560 points, and 1353 pieces of gold, after 3459 moves. You were level 6 with a maximum of 53 hit points when you died.